 Dungeon Crawl Stone Soup version 0.28.0 (webtiles) character file.

Game seed: 14527549551706942796

47 Erasure the Ruffian (level 3, -3/33 HPs)
             Began as a Ghoul Monk on Feb 4, 2022.
             Was an Initiate of Yredelemnul.
             Slain by a gnoll (4 damage)
             ... on level 3 of the Dungeon.
             The game lasted 00:06:41 (2074 turns).

Erasure the Ruffian (Ghoul Monk)                    Turns: 2074, Time: 00:06:41

Health: -3/33      AC:  4    Str: 16    XL:     3   Next: 70%
Magic:  11/11      EV: 12    Int:  5    God:    Yredelemnul [......]
Gold:   52         SH:  0    Dex: 11    Spells: 2/2 levels left

rFire   . . .      SeeInvis .     - Unarmed
rCold   + . .      Faith    .   (no shield)
rNeg    + + +      Spirit   .   r - +0 leather armour
rPois   ∞          Reflect  .   (no helmet)
rElec   .          Harm     .   f - +0 cloak
rCorr   .          Rampage  .   (no gloves)
Will    .....                   (no boots)
Stlth   ++........              (no amulet)
HPRegen 0.00/turn               m - ring of magical power
MPRegen 0.12/turn               (no ring)

@: inhibited regen, hasted, very quick
A: claws 1, cold resistance 1, negative energy resistance 3, inhibited
regeneration, torment resistance 2
a: Renounce Religion, Recall Undead Harvest


You were on level 3 of the Dungeon.
You worshipped Yredelemnul.
Yredelemnul was noncommittal.
You visited 1 branch of the dungeon, and saw 3 of its levels.

You collected 52 gold pieces.

Inventory:

Armour
 a - a +0 robe
 f - a +0 cloak (worn)
 r - a +0 leather armour (worn)
Jewellery
 m - a ring of magical power (left claw)
 o - a ring of resist corrosion
Scrolls
 b - a scroll of summoning {unknown}
 c - 2 scrolls of torment {unknown}
 d - a scroll of identify {unknown}
 e - a scroll of enchant weapon {unknown}
 g - a scroll of fear {unknown}
 j - 2 scrolls of noise {unknown}
 k - 2 scrolls of teleportation {unknown}
 n - a scroll of immolation {unknown}
 q - a scroll of magic mapping {unknown}
Potions
 h - a potion of curing {unknown}
 i - a potion of invisibility {unknown}
 p - a potion of mutation {unknown}


   Skills:
 + Level 3.7 Fighting
 + Level 3.2 Dodging
 + Level 2.4 Stealth
 + Level 4.1 Unarmed Combat


You had 2 spell levels left.
You didn't know any spells.
Your spell library was empty.

Dungeon Overview and Level Annotations

Branches:
Dungeon (3/15)

Altars:
Yredelemnul


Innate Abilities, Weirdness & Mutations

You thrive by killing the living.
You are immune to poison.
You have sharp fingernails.
Your flesh is cold resistant. (rC+)
You are immune to negative energy. (rN+++)
You do not regenerate when monsters are visible.
You are immune to unholy pain and torment.


Message History

You scratch the gnoll.
The gnoll is moderately wounded.
The gnoll hits you with a +0 flail!
You barely miss the gnoll.
The gnoll is moderately wounded.
The gnoll hits you with a +0 flail! The gnoll closely misses you.
The gnoll hits your hobgoblin zombie with a +0 flail.
Your hobgoblin zombie hits the gnoll.
The gnoll hits your hobgoblin zombie with a +0 whip!
Your hobgoblin zombie is destroyed!
You barely miss the gnoll.
The gnoll is moderately wounded.
The gnoll completely misses you. The gnoll barely misses you.
The gnoll hits you with a +0 whip.
You scratch the gnoll. You claw the gnoll.
The gnoll is heavily wounded.
The gnoll hits you with a +0 flail. The gnoll closely misses you.
You scratch the gnoll but do no damage.
The gnoll is heavily wounded.
The gnoll barely misses you. x2
You barely miss the gnoll.
The gnoll is heavily wounded.
You closely miss the gnoll.
The gnoll is heavily wounded.
The gnoll barely misses you. The gnoll closely misses you.
You scratch the gnoll.
The gnoll is severely wounded.
The gnoll closely misses you. The gnoll barely misses you.
You barely miss the gnoll.
The gnoll is heavily wounded.
The gnoll hits you with a +0 flail!
* * * LOW HITPOINT WARNING * * *
It was a potion of haste.
You feel yourself speed up. The gnoll hits you with a +0 club.
You die...
Yredelemnul claims you as an undead slave.

##...# #####....Z.
#...# ####### #...#
#...# #...#
#####...# ....#...#
#####...# #@g.#
#gg.# ###### #g..#
#....# #...#
#....##### #...#
+........# ##...#
#........# #..###
#.......g###.#######
#...................


You could see 4 gnolls.

Vanquished Creatures
  An adder (D:2)
  A dart slug (D:1)
  A ball python (D:1)
  6 bats
  3 endoplasms
  2 giant cockroaches (D:1)
  3 goblins (D:1)
  4 hobgoblins
  A quokka (D:3)
  2 frilled lizards
  4 kobolds
  2 rats (D:1)
30 creatures vanquished.

Vanquished Creatures (collateral kills)
  A bat (D:1)
  2 rats (D:1)
3 creatures vanquished.

Vanquished Creatures (others)
  A hobgoblin zombie (D:3)
  3 fungi (D:1)
4 creatures vanquished.

Grand Total: 37 creatures vanquished

Notes
Turn   | Place    | Note
-------+----------+-------------------------------------------
     0 | D:1      | Erasure the Ghoul Monk began the quest for the Orb.
     0 | D:1      | Reached XP level 1. HP: 19/19 MP: 0/0
   168 | D:1      | Reached XP level 2. HP: 19/26 MP: 1/1
   435 | D:1      | Found a faded altar of an unknown god.
   458 | D:1      | Prayed at the altar of an unknown god.
   458 | D:1      | Became a worshipper of Yredelemnul the Dark
   458 | D:1      | Reached * piety under Yredelemnul
   458 | D:1      | Reached ** piety under Yredelemnul
   879 | D:1      | Reached XP level 3. HP: 33/33 MP: 2/2
  1367 | D:2      | Reached skill level 4 in Unarmed Combat
  2073 | D:3      | HP: 1/33 [gnoll (9)]
  2074 | D:3      | Slain by a gnoll

Illustrated notes

Levels and vault maps discovered:
D:1:      dpeg_arrival_prison, layout_basic, hellmonk_ecumenical_altar_run_dry,
          minmay_pentomino_o4
D:2:      layout_loops_ring
D:3:      layout_basic, serial_co_window_serial, co_window_paths_b,
          co_window_of_opportunity_a, co_window_paths_b, co_window_paths_a,
          co_window_corner_a, co_window_broadway_a, co_window_of_opportunity_b,
          co_window_broadway_b, co_window_2corner, co_window_corner_ca,
          co_window_paths_e, co_window_4corner_a, glass_columns_a,
          glass_columns_c, glass_columns_b, st_stairs_14

Skill      XL: |  1  2  3 |
---------------+----------+-----
Dodging        | 3 |  3.2
Unarmed Combat | 4 |  4.1
Fighting       | |  3.7
Stealth        | |  2.4

Action                   || total
-------------------------++-------
Melee: Unarmed           ||    99
       Punch             ||     4
Invok: Recall Undead Har ||     1
  Use: Potion            ||     1
 Stab: Sleeping          ||     6
Armor: Robe              ||    19
       Leather armour    ||     2
Dodge: Dodged            ||    59
